Map: Oxide LE

Players

KingCobra

  • Race: Protoss Protoss

Rail - Winner!

  • Race: Protoss Protoss

Event: DreamHack SC2 Masters 2021 Winter

VOD

Have the link to the VOD?

Description

Time

  • Played on: Oct. 6, 2021, 12:31 p.m.
  • Length: 16:56

All games in this series

Show
View Real Time Build Order
Export as new Build Order

KingCobra Protoss 

Build Orders:  

Get SALT Encoding   

  12  0:00  Probe  
  13  0:12  Probe  
  14  0:17  Pylon  
  14  0:24  Probe  
  15  0:35  Gateway  
  15  0:37  Probe (Chrono Boost)  
  16  0:46  Assimilator, Probe (Chrono Boost)  
  17  0:51  Probe (Chrono Boost)  
  17  0:55  Assimilator  
  18  1:03  Probe (Chrono Boost)  
  19  1:13  Probe (Chrono Boost)  
  19  1:18  Probe (Chrono Boost), Pylon  
  21  1:27  Cybernetics Core  
  21  1:31  Probe  
  22  1:36  Zealot  
  24  1:45  Gateway  
  25  1:47  Probe  
  25  1:55  Pylon  
  25  2:03  Warp Gate  
  25  2:06  Stalker (Chrono Boost)  
  27  2:18  Shield Battery  
  27  2:27  Gateway  
  27  2:30  Stalker (Chrono Boost)  
  28  2:39  Stalker  
  30  2:46  Probe  
  31  2:59  Pylon  
  29  3:09  Stalker (Chrono Boost)  
  33  3:15  Stalker (Chrono Boost)  
  33  3:29  Twilight Council  
  33  3:36  Pylon  
  33  3:44  Pylon  
  33  3:51  Sentry  
  33  3:52  Stalker x2  
  39  3:58  Pylon  
  39  4:06  Dark Shrine  
  39  4:10  Blink (Chrono Boost)  
  37  4:35  Adept x2  
  37  4:36  Stalker  
  36  5:19  Dark Templar x2  
  40  5:29  Probe  
  40  5:30  Nexus  
  40  5:31  Pylon  
  39  5:52  Probe  
  39  5:56  Shield Battery  
  40  5:59  Stalker x3  
  46  6:08  Probe  
  47  6:20  Probe (Chrono Boost)  
  48  6:32  Probe (Chrono Boost)  
  49  6:34  Forge  
  49  6:40  Probe (Chrono Boost)  
  49  6:43  Stalker x2  
  49  6:46  Stalker  
  56  6:49  Probe (Chrono Boost)  
  56  6:52  Probe (Chrono Boost)  
  58  6:58  Probe (Chrono Boost)  
  59  7:07  Stalker, Protoss Ground Weapons Level 1 (Chrono Boost)  
  61  7:22  Probe  
  62  7:24  Pylon  
  62  7:36  Stalker, Charge (Chrono Boost)  
  62  7:42  Probe (Chrono Boost), Pylon  
  64  7:45  Probe (Chrono Boost)  
  64  7:46  Gateway  
  64  7:47  Gateway  
  64  7:53  Probe (Chrono Boost)  
  64  7:57  Stalker, Probe (Chrono Boost)  
  64  7:58  Stalker  
  70  7:59  Probe (Chrono Boost)  
  71  8:06  Probe  
  71  8:09  Probe  
  71  8:12  Pylon  
  73  8:18  Probe  
  74  8:21  Probe  
  75  8:31  Pylon  
  75  8:32  Robotics Facility  
  75  8:38  Nexus  
  75  8:39  Pylon  
  75  8:45  Probe x2  
  77  8:51  Gateway  
  77  9:03  Protoss Ground Weapons Level 2 (Chrono Boost)  
  77  9:07  Stalker  
  77  9:08  Stalker x4  
  88  9:10  Probe  
  88  9:19  Pylon  
  88  9:20  Observer  
  89  9:25  Probe x2  
  91  9:34  Gateway  
  91  9:35  Gateway  
  91  9:36  Observer  
  91  9:54  Stargate  
  91  10:01  Zealot x6  
  91  10:05  Pylon  
  91  10:06  Probe x2  
  105  10:08  Probe  
  106  10:22  Pylon  
  106  10:27  Observer  
  106  10:34  Pylon  
  106  10:36  Phoenix (Chrono Boost)  
  106  10:39  Zealot x4  
  106  10:40  Zealot x3  
  106  10:41  Probe  
  106  10:42  Probe x2  
  126  10:50  Observer  
  126  10:52  Phoenix  
  128  11:02  Assimilator  
  128  11:04  Assimilator x2  
  128  11:05  Assimilator  
  128  11:17  Phoenix (Chrono Boost)  
  130  11:24  Observer  
  130  11:25  Probe  
  130  11:26  Probe  
  130  11:30  Pylon  
  130  11:31  Pylon  
  132  11:32  Photon Cannon  
  132  11:33  Photon Cannon  
  132  11:34  Phoenix (Chrono Boost)  
  132  11:36  Photon Cannon  
  132  11:38  Observer  
  133  11:50  Fleet Beacon  
  133  11:51  Gateway  
  133  11:52  Probe x3  
  133  11:53  Stargate  
  136  11:58  Shield Battery  
  136  12:01  Phoenix  
  136  12:07  Probe  
  136  12:08  Probe x2  
  140  12:13  Pylon  
  140  12:23  Protoss Air Weapons Level 1 (Chrono Boost), Probe  
  140  12:24  Probe  
  140  12:28  Nexus  
  142  12:30  Pylon  
  142  12:33  Tempest (Chrono Boost)  
  147  12:37  Tempest (Chrono Boost)  
  147  12:41  Zealot  
  154  12:44  Observer  
  154  12:46  Observer  
  154  12:49  Probe x3  
  155  13:02  Zealot  
  155  13:03  Zealot, Tempest (Chrono Boost)  
  159  13:07  Tempest (Chrono Boost)  
  169  13:14  Probe x3  
  168  13:20  Robotics Bay  
  168  13:23  Zealot x2  
  168  13:26  Robotics Facility  
  172  13:34  Photon Cannon  
  172  13:35  Photon Cannon  
  172  13:38  Shield Battery  
  168  13:42  Tempest  
  168  13:43  Tempest  
  178  14:00  Zealot x2  
  182  14:04  Disruptor (Chrono Boost)  
  185  14:12  Photon Cannon  
  185  14:15  Zealot  
  185  14:16  Protoss Air Weapons Level 2  
  187  14:18  Zealot  
  180  14:24  Disruptor (Chrono Boost)  
  180  14:30  Disruptor (Chrono Boost)  
  158  14:47  Zealot x5  
  158  14:52  Disruptor  
  153  14:55  Zealot x3  
  104  15:15  Zealot x7  
  104  15:16  Zealot  
  103  15:22  Disruptor (Chrono Boost)  
  77  15:41  Disruptor (Chrono Boost)  
  77  15:42  Stalker x7  
  70  15:43  Stalker  
  80  15:53  Disruptor (Chrono Boost)  
  63  16:06  Disruptor (Chrono Boost)  
  63  16:07  Dark Templar  
  63  16:29  Nexus  
  63  16:30  Pylon  
  47  16:43  Stalker  
Show
View Real Time Build Order
Export as new Build Order

Rail Protoss - Winner!

Build Orders:  

Get SALT Encoding   

  12  0:01  Probe  
  13  0:13  Probe  
  14  0:19  Pylon  
  14  0:25  Probe (Chrono Boost)  
  15  0:37  Gateway, Probe (Chrono Boost)  
  16  0:46  Probe (Chrono Boost)  
  16  0:48  Assimilator  
  17  0:51  Probe  
  18  1:03  Probe  
  19  1:07  Assimilator  
  19  1:16  Probe  
  20  1:21  Pylon  
  20  1:25  Cybernetics Core  
  20  1:27  Zealot  
  20  1:30  Probe  
  23  1:42  Probe  
  24  1:54  Probe  
  24  2:01  Stalker, Stargate  
  27  2:09  Warp Gate  
  27  2:14  Pylon  
  27  2:22  Pylon  
  27  2:31  Stalker  
  29  2:40  Void Ray (Chrono Boost), Gateway  
  33  2:58  Pylon  
  33  3:08  Stalker  
  35  3:13  Shield Battery  
  35  3:24  Probe  
  35  3:26  Gateway  
  36  3:36  Probe  
  37  3:52  Twilight Council  
  36  3:58  Stalker x2  
  36  3:59  Probe  
  41  4:04  Robotics Facility  
  41  4:30  Blink (Chrono Boost)  
  41  4:38  Stalker  
  41  4:40  Pylon  
  41  4:47  Probe  
  42  4:52  Stalker  
  42  4:54  Pylon  
  42  4:55  Observer  
  42  4:59  Probe  
  43  5:11  Pylon  
  43  5:15  Stalker  
  43  5:19  Stalker  
  47  5:25  Stalker  
  49  5:39  Pylon  
  47  5:52  Observer  
  47  5:54  Stalker  
  47  5:55  Stalker  
  52  6:04  Stalker  
  54  6:19  Stalker  
  54  6:22  Stalker  
  58  6:37  Nexus  
  58  6:45  Stalker  
  60  6:47  Observer  
  60  6:50  Stalker  
  60  6:53  Probe  
  63  7:05  Probe  
  63  7:07  Stalker  
  66  7:13  Stalker  
  64  7:23  Probe  
  64  7:27  Stalker  
  67  7:31  Pylon  
  67  7:35  Probe  
  68  7:48  Sentry  
  68  7:49  Probe (Chrono Boost)  
  68  7:50  Probe (Chrono Boost)  
  74  8:00  Probe x2 (Chrono Boost), Pylon  
  74  8:01  Sentry  
  76  8:06  Probe x2 (Chrono Boost)  
  76  8:12  Forge  
  78  8:16  Assimilator  
  78  8:20  Assimilator  
  78  8:22  Probe (Chrono Boost)  
  78  8:24  Probe (Chrono Boost)  
  80  8:28  Probe  
  80  8:33  Pylon  
  81  8:40  Pylon  
  81  8:41  Probe  
  82  8:43  Probe  
  82  8:44  Protoss Ground Weapons Level 1  
  83  8:50  Gateway  
  83  8:57  Stalker  
  83  9:00  Stalker  
  83  9:02  Shield Battery  
  87  9:05  Sentry  
  87  9:09  Shield Battery  
  89  9:18  Robotics Bay  
  89  9:22  Stalker  
  91  9:24  Charge  
  91  9:28  Stalker  
  93  9:33  Stalker  
  93  9:37  Probe x2  
  97  9:42  Pylon  
  97  10:02  Colossus (Chrono Boost)  
  97  10:04  Gateway  
  103  10:19  Extended Thermal Lance  
  103  10:21  Stalker x3  
  109  10:23  Pylon  
  109  10:41  Nexus  
  109  10:45  Observer (Chrono Boost)  
  110  10:55  Protoss Ground Weapons Level 2 (Chrono Boost)  
  110  10:56  Colossus (Chrono Boost), Pylon  
  116  11:14  Pylon  
  116  11:25  Observer  
  116  11:28  Nexus  
  116  11:31  Stalker x2  
  120  11:33  Warp Prism (Chrono Boost)  
  120  11:37  Pylon  
  122  11:40  Photon Cannon  
  122  11:49  Stalker  
  124  11:58  Phoenix  
  124  12:00  Observer (Chrono Boost)  
  124  12:01  Templar Archives  
  124  12:02  Gateway  
  125  12:17  Zealot x2  
  125  12:18  Zealot x3  
  135  12:38  Gateway, High Templar x3  
  135  12:39  High Templar  
  135  12:41  Gateway  
  135  12:43  Zealot, Archon x2  
  145  12:46  Probe  
  145  12:47  Probe  
  145  12:49  Probe  
  148  12:58  Probe  
  148  12:59  Probe  
  148  13:00  Photon Cannon  
  148  13:01  Probe  
  148  13:03  High Templar  
  148  13:04  High Templar  
  155  13:08  Archon  
  155  13:10  Probe  
  155  13:11  Pylon  
  156  13:18  High Templar x2  
  156  13:19  Probe x2  
  162  13:22  Archon, Pylon  
  162  13:26  Stalker  
  164  13:29  Assimilator  
  164  13:32  Assimilator  
  164  13:33  Pylon  
  164  13:40  Zealot  
  166  13:41  Zealot x2  
  166  13:43  Observer  
  166  13:46  Pylon  
  171  13:48  Zealot  
  171  13:51  Probe  
  174  13:57  High Templar x2  
  174  13:58  Zealot x2  
  174  14:02  Archon, Shield Battery  
  182  14:04  Zealot  
  182  14:06  Zealot  
  182  14:08  Observer, Probe  
  188  14:11  Zealot  
  182  14:30  Stalker, Zealot  
  184  14:32  Zealot x3  
  184  14:35  Zealot x3  
  167  14:58  Stalker x3  
  167  14:59  Stalker x4  
  138  15:12  Probe  
  115  15:16  Probe  
  115  15:18  Stalker  
  115  15:19  Probe  
  105  15:24  Stalker x3  
  105  15:25  Stalker x2  
  109  15:35  Probe  
  96  15:44  Stalker x2  
  96  15:45  Stalker  
  102  15:51  Stalker, Zealot  
  102  15:52  Zealot  
  104  16:05  Observer  
  104  16:07  Stalker  
  104  16:08  Zealot  
  104  16:10  Stalker, Zealot  
  113  16:15  Stalker x2  
  117  16:21  Zealot  
  117  16:24  Stalker  
  121  16:38  Probe  
  92  16:45  Stalker x4  

Tags
 
Add a new tag
Caveats
  • Supply blocks, unpowered buildings, or Contaminate may cause inaccurate times.
  • Supply counts are checked every 10 seconds.